 Dungeon Crawl Stone Soup version 0.30-a0-920-g7493c07aab (webtiles) character file.

Game seed: 14664709468335010687

808 Twinkles the Cleaver (level 7, 0/61 HPs)
             Began as a Hill Orc Reaver on Mar 21, 2023.
             Was a Priest of Lugonu.
             Slain by a gnoll
             ... wielding a +0 flail
             ... led by a gnoll bouda
              (9 damage)
             ... on level 6 of the Dungeon.
             The game lasted 00:18:02 (6099 turns).

Twinkles the Cleaver (Hill Orc Reaver)              Turns: 6099, Time: 00:18:03

Health: 0/61       AC:  9    Str: 17    XL:     7   Next: 92%
Magic:  10/10      EV:  7    Int: 13    God:    Lugonu [***...]
Gold:   283        SH:  0    Dex:  9    Spells: 8/9 levels left

rFire   . . .      SeeInvis .    t - +0 battleaxe
rCold   . . .      Faith    +    (shield currently unavailable)
rNeg    . . .      Spirit   .    h - +0 chain mail
rPois   .          Reflect  .    (no helmet)
rElec   .          Rampage  .    (no cloak)
rCorr   .                        (no gloves)
Will    .....                    (no boots) Stlth
                                 q - amulet of faith
HPRegen 0.30/turn                (no ring)
MPRegen 0.12/turn                (no ring)

@: mighty, about to teleport
A: no striking features
a: Renounce Religion, Depart the Abyss, Banish


You were on level 6 of the Dungeon.
You worshipped Lugonu.
Lugonu was most pleased with you.
You visited 1 branch of the dungeon, and saw 6 of its levels.

You collected 367 gold pieces.
You spent 84 gold pieces at shops.

Inventory:

Hand Weapons
 a - a +0 hand axe
 t - a +0 battleaxe (weapon)
Missiles
 n - 2 throwing nets
 p - 4 poisoned darts
Armour
 b - a +0 leather armour
 e - a +0 plate armour
 h - a +0 chain mail (worn)
Jewellery
 q - an amulet of faith (around neck)
Wands
 i - a wand of iceblast (4) (quivered)
Scrolls
 d - 2 scrolls of fear {unknown}
 g - 2 scrolls of noise {unknown}
 j - 3 scrolls of torment {unknown}
 k - 3 scrolls of immolation {unknown}
 o - a scroll of vulnerability {unknown}
 r - a scroll of enchant armour {unknown}
 Y - 2 scrolls of teleportation
 Z - a scroll of identify
Potions
 c - a potion of berserk rage {unknown}
 f - a potion of lignification {unknown}
 l - 2 potions of flight {unknown}
 m - a potion of mutation {unknown}
 s - a potion of haste {unknown}
 A - a potion of attraction
 J - 2 potions of curing
 N - a potion of heal wounds


   Skills:
 + Level 5.1 Fighting
 * Level 8.2 Axes
 + Level 3.9 Armour
 - Level 1.5 Dodging
 - Level 1.5 Spellcasting
 - Level 3.0 Conjurations
 + Level 4.5 Invocations


You had 8 spell levels left.
You knew the following spells:

 Your Spells              Type           Power      Damage    Failure   Level
a - Kiss of Death         Conj/Necr      16%        2d6       91%         1

Your spell library contained the following spells:

 Spells                   Type           Power      Damage    Failure   Level
 Momentum Strike          Conj/Tloc      8%         3d8       97%         2
 Freeze                   Ice            4%         1d3       98%         1
 Sandblast                Erth           2%         2d4       98%         1
 Passwall                 Tmut/Erth      0%         N/A       99%         2
 Hailstorm                Conj/Ice       4%         3d4       99%         3
 Stone Arrow              Conj/Erth      8%         3d7       99%         3
 Frozen Ramparts          Ice            2%         1d1       100%        3


Dungeon Overview and Level Annotations

Branches:
Dungeon (6/15) Zot: 23104  Temple (0/1) D:4

Altars:
Gozag
Qazlal
Ru
Lugonu

Shops:
D:2 *


Message History

* * * LOW HITPOINT WARNING * * *
You barely miss the gnoll bouda. The gnoll completely misses you.
The gnoll bouda hits you with a +0 whip.
* * * LOW HITPOINT WARNING * * *
You feel much better. The gnoll closely misses you.
The gnoll bouda hits you with a +0 whip!
You slash the gnoll bouda!
The gnoll bouda is severely wounded.
The gnoll hits you from afar with a +0 spear. x2
You closely miss the gnoll bouda.
The gnoll bouda is severely wounded.
The gnoll is no longer moving quickly.
The gnoll bouda barks out a call to the hunt!
The gnoll picks up the pace!
The gnoll hits you but does no damage.
You slice the gnoll bouda!!
You kill the gnoll bouda!
Lugonu accepts your kill.
The gnoll is no longer moving quickly.
The gnoll hits you from afar with a +0 spear.
The gnoll hits you with a +0 flail.
* * * LOW HITPOINT WARNING * * *
You closely miss the gnoll. The gnoll hits you but does no damage.
You completely miss the gnoll.
The gnoll is no longer moving quickly.
The gnoll hits you from afar with a +0 spear.
* * * LOW HITPOINT WARNING * * *
The gnoll hits you but does no damage. x2
You slash the gnoll!
The gnoll is almost dead.
The gnoll barely misses you.
The gnoll hits you from afar with a +0 spear.
* * * LOW HITPOINT WARNING * * *
The gnoll hits you with a +0 flail.
* * * LOW HITPOINT WARNING * * *
As you read the scroll of teleportation, it crumbles to dust.
You feel strangely unstable.
You closely miss the gnoll.
The gnoll is almost dead.
The gnoll is no longer moving quickly.
The gnoll hits you with a +0 flail!
You die...

####.#.......#
#.#.####..# #
#.........# .#
###.####..######
#.# ######.#
#.......##..##.
.......#
#####.###......
######## #.#
g......
#.##YgS....
#.@g# #####


You could see a sky beast, 2 gnolls and an adder.

Vanquished Creatures
  A centaur (D:5)
  A phantom (D:6)
  2 scorpions
  2 hounds
  2 jellies (D:4)
  A gnoll bouda (D:6)
  An iguana (D:4)
  A sleepcap (D:5)
  An orc wizard (D:3)
  7 adders
  A white imp (D:5)
  3 ufetubi
  3 worms
  6 dart slugs
  12 orcs
  5 endoplasms
  2 giant cockroaches
  6 goblins
  8 hobgoblins
  3 jackals (D:1)
  3 kobolds
  2 quokkas
  2 ball pythons
  9 bats
  6 frilled lizards
  6 rats
  A spectral kobold (D:1)
97 creatures vanquished.

Notes
Turn   | Place    | Note
-------+----------+-------------------------------------------
     0 | D:1      | Twinkles the Hill Orc Reaver began the quest for the Orb.
     0 | D:1      | Reached XP level 1. HP: 18/18 MP: 3/3
   252 | D:1      | Reached XP level 2. HP: 25/25 MP: 4/4
   429 | D:1      | Found a faded altar of an unknown god.
   449 | D:1      | Prayed at the altar of an unknown god.
   449 | D:1      | Became a worshipper of Lugonu the Unformed
   449 | D:1      | Reached * piety under Lugonu
   582 | D:1      | Reached skill level 1 in Armour
   728 | D:1      | Reached XP level 3. HP: 30/30 MP: 5/5
  1148 | D:2      | Reached skill level 1 in Invocations
  1159 | D:2      | Reached skill level 5 in Axes
  1340 | D:2      | Reached XP level 4. HP: 36/38 MP: 6/6
  1368 | D:2      | Reached ** piety under Lugonu
  1390 | D:2      | Found Pusutilu's General Store.
  1400 | D:2      | Bought a scroll of identify for 28 gold pieces
  1400 | D:2      | Bought a potion of might for 56 gold pieces
  2081 | D:3      | Reached XP level 5. HP: 45/45 MP: 7/7
  2155 | D:3      | Found an opulent altar of Gozag.
  2160 | D:3      | You fall into a shaft and drop 3 floors!
  2167 | D:5      | Entered Level 5 of the Dungeon
  2310 | D:3      | Found a stormy altar of Qazlal.
  2825 | D:4      | Noticed a phantom
  3088 | D:4      | Found a sacrificial altar of Ru.
  3225 | D:4      | Reached skill level 6 in Axes
  3605 | D:4      | Reached XP level 6. HP: 49/52 MP: 8/8
  3699 | D:4      | Found a staircase to the Ecumenical Temple.
  4214 | D:4      | Reached skill level 7 in Axes
  4459 | D:4      | Reached XP level 7. HP: 60/60 MP: 9/9
  5240 | D:5      | Upgraded the game from 0.30-a0-918-g0ff054e9dc to
                  | 0.30-a0-920-g7493c07aab
  5319 | D:5      | HP: 18/60 [gnoll bouda/+0 whip (5)]
  6001 | D:6      | Reached skill level 5 in Fighting
  6001 | D:6      | Reached skill level 8 in Axes
  6088 | D:6      | HP: 18/61 [gnoll/+0 spear[a gnoll bouda] (1)]
  6093 | D:6      | Reached *** piety under Lugonu
  6093 | D:6      | HP: 18/61 [gnoll/+0 flail[a gnoll bouda] (1)]
  6096 | D:6      | HP: 8/61 [gnoll/+0 flail[a gnoll bouda] (5)]
  6099 | D:6      | Slain by a gnoll

Illustrated notes

Levels and vault maps discovered:
D:1:      scummos_arrival_hexagon, layout_basic,
          dreamdust_ecumenical_altar_drowned_temple, st_stairs_3,
          chequers_jeans, hangedman_glass_teeth
D:2:      layout_rooms, serial_shops, nicolae_shop_waterfront
D:3:      layout_basic, mainiacjoe_overflow_catwalk_spiral, serial_corexii_hall,
          corexii_hall_statues_x, corexii_hall_statues_deadend, st_stairs_1,
          minmay_misc_feat_secret_circle, dk_noncrumbling_3
D:4:      layout_loops_corners, nicolae_ru_awakened_eye,
          lemuel_temple_firewalk_b, serial_co_window_serial, co_window_corner_a,
          co_window_paths_a, co_window_of_opportunity_a, co_window_corner_a,
          co_window_of_opportunity_a, co_window_corner_b, co_window_broadway_a,
          co_window_corner_b, co_window_corner_b, co_window_of_opportunity_c,
          co_window_paths_e, corexii_corridor_pit
D:5:      layout_loops_ring
D:6:      layout_loops_ring, serial_shops, nicolae_shop_behind_doors,
          st_stairs_5, minmay_circle_x, uniq_duvessa

Skill      XL: |  1  2  3  4  5  6  7 |
---------------+----------------------+-----
Armour         | 1 2 3 |  3.9
Fighting       | 3 4 5 |  5.1
Invocations    | 1 2 3 4 |  4.5
Axes           | 5 6 7 8 |  8.2
Dodging        | |  1.5
Spellcasting   | |  1.5
Conjurations   | |  3.0

Action                     |  1- 3 |  4- 6 |  7- 9 || total
---------------------------+-------+-------+-------++-------
  Melee: Hand axe          |   114 |   287 |    60 ||   461
         Punch             |       |     3 |       ||     3
         Battleaxe         |       |       |    35 ||    35
 Invoke: Banish            |       |     2 |       ||     2
  Evoke: Wand              |       |     2 |     1 ||     3
    Use: Scroll            |       |     4 |     2 ||     6
         Potion            |       |       |     3 ||     3
 Armour: Leather armour    |     7 |       |       ||     7
         Plate armour      |    52 |       |       ||    52
         Chain mail        |    48 |   160 |    69 ||   277
  Dodge: Dodged            |    42 |   112 |    56 ||   210

Table legend: (Time is in decaauts)
 A = Elapsed time spent in this place.
 B = Non-inter-level travel time spent in this place.
 C = Inter-level travel time spent in this place.
 D = Time resting spent in this place.
 E = Time spent auto-exploring this place.
 F = Levels seen in this place.
 G = Mean time per level.
                   A        B        C        D        E       F      G
               +--------+--------+--------+--------+--------+-----+--------+
         Total |   6129 |   5749 |    380 |    685 |   3897 |   6 | 1021.5 |
       Dungeon |   6129 |   5749 |    380 |    685 |   3897 |   6 | 1021.5 |
               +--------+--------+--------+--------+--------+-----+--------+

Top non-repeatable levels by time:
     D:4: 2002 daAuts
     D:3: 1411 daAuts
     D:1: 1128 daAuts
     D:5: 853 daAuts
     D:2: 556 daAuts
     D:6: 177 daAuts
